 Dungeon Crawl Stone Soup version 0.31-a0-370-g25055926c8 (webtiles) character file.

Game seed: 12075048523707290872

97 AdnanSaban the Trooper (level 4, -4/29 HPs)
             Began as a Gargoyle Fighter on July 29, 2023.
             Slain by a goblin
             ... wielding a +0 club
             ... led by Robin
              (5 damage)
             ... on level 2 of the Dungeon.
             The game lasted 00:01:05 (1221 turns).

AdnanSaban the Trooper (Gargoyle Fighter)           Turns: 1221, Time: 00:01:06

Health: -4/29      AC: 10    Str: 21    XL:     4   Next: 68%
Magic:  4/4        EV:  9    Int:  9    God:
Gold:   40         SH:  4    Dex:  9    Spells: 3/3 levels left

rFire   . . .        a - +0 flail
rCold   . . .        c - +0 buckler
rNeg    + . .        b - +0 scale mail
rPois   ∞            (no helmet)
rElec   +            (no cloak)
rCorr   .            (no gloves)
SInv    .            (no boots)
Will    .....        (no amulet) Stlth
                     (no ring)
HPRegen 0.24/turn    (no ring)
MPRegen 0.09/turn

%: no passive effects
@: no status effects
A: sickness immunity, AC +3, negative energy resistance 1, electricity
resistance, torment resistance 1, petrification resistance
a: no special abilities


You were on level 2 of the Dungeon.
You visited 1 branch of the dungeon, and saw 2 of its levels.

You collected 40 gold pieces.

Inventory:

Hand Weapons
 a - a +0 flail (weapon)
Armour
 b - a +0 scale mail (worn)
 c - a +0 buckler (worn)
Scrolls
 e - a scroll of enchant armour {unknown}
 f - a scroll of fog {unknown}
 h - a scroll of teleportation {unknown}
 i - a scroll of fear {unknown}
 j - 2 scrolls of identify {unknown}
 k - 2 scrolls of amnesia {unknown}
 m - a scroll of noise {unknown}
 n - a scroll of brand weapon {unknown}
Potions
 d - a potion of might
 g - a potion of invisibility {unknown}
 l - a potion of magic {unknown}
 o - a potion of heal wounds {unknown}


   Skills:
 + Level 4.0 Fighting
 + Level 3.1 Maces & Flails
 + Level 3.9 Armour
 + Level 0.3 Dodging
 + Level 3.9 Shields


You had 3 spell levels left.
You didn't know any spells.
Your spell library contained the following spells:

 Spells                   Type           Power      Damage    Failure   Level
 Anguish                  Hex/Necr       0%         N/A       100%        4
 Cause Fear               Hex            0%         N/A       100%        4
 Enfeeble                 Hex            0%         N/A       100%        7


Dungeon Overview and Level Annotations

Branches:
Dungeon (2/15)

Altars:

Annotations:
D:2 Robin


Innate Abilities, Weirdness & Mutations

You are immune to sickness and miasma.
Your stone body is resilient. (AC +3)
You are immune to poison.
You resist negative energy. (rN+)
You are resistant to electric shocks. (rElec)
You are resistant to unholy torment.
You are immune to petrification.


Message History

The goblin hits you but does no damage. The goblin closely misses you.
You closely miss the goblin. The goblin misses you.
Robin roars a battlecry!
The goblins go into a battle-frenzy!
The goblin hits you with a +0 club.
You barely miss the goblin.
The goblin no longer looks unusually strong.
The goblin hits you but does no damage.
A goblin comes into view. It is wielding a +0 club.
The goblin hits you but does no damage.
You barely miss the goblin. The goblin hits you but does no damage.
Robin roars a battlecry!
The goblin goes into a battle-frenzy!
The goblin hits you but does no damage.
You hit the goblin.
You kill the goblin!
The goblin no longer looks unusually strong.
The goblin hits you but does no damage.
Things that are here:
a +0 club; a +0 sling; a goblin corpse Robin throws the goblin at you!
You block the goblin's attack.
You closely miss the goblin. The goblin closely misses you.
You block the goblin's attack. The goblin hits you with a +0 club.
* * * LOW HITPOINT WARNING * * *
Robin says, "Kneel, worm!"
Robin roars a battlecry!
The goblin goes into a battle-frenzy!
You sock the goblin!
You kill the goblin!
The goblin hits you with a +0 club.
* * * LOW HITPOINT WARNING * * *
The goblin attacks as you move away! You block the goblin's attack.
Robin throws the goblin at you!
Things that are here:
a +0 dagger; a goblin corpse You thump the goblin!
You kill the goblin!
The goblin no longer looks unusually strong.
The goblin hits you with a +0 club.
You die...

.......# #.#............
.......# #.........#####
.......# ##........# .......#
###'####.# .......# #..# #.#
.......# ##.###.# #####'##
#.....###
#####'################...##
..........)g)ggg@)........#
..)....################...######
.......# #.........## .......#
#........... ......S#######
#....†.....# .............#
####....##.# .............#
#.#..# # ########.....# #.#..#
#..g..# #.##..


You could see Robin and 3 goblins.

Vanquished Creatures
  4 adders (D:2)
  A worm (D:2)
  2 dart slugs
  2 ball pythons
  4 bats
  5 endoplasms
  5 giant cockroaches (D:1)
  11 goblins
  4 hobgoblins
  3 quokkas
  2 frilled lizards
  5 kobolds
  2 rats
50 creatures vanquished.

Notes
Turn   | Place    | Note
-------+----------+-------------------------------------------
     0 | D:1      | AdnanSaban the Gargoyle Fighter began the quest for the
                  | Orb.
     0 | D:1      | Reached XP level 1. HP: 14/14 MP: 1/1
   111 | D:1      | Reached XP level 2. HP: 18/19 MP: 2/2
   412 | D:1      | Reached XP level 3. HP: 23/23 MP: 3/3
  1014 | D:2      | Reached XP level 4. HP: 24/29 MP: 4/4
  1152 | D:2      | Noticed Robin
  1200 | D:2      | Reached skill level 4 in Fighting
  1219 | D:2      | HP: 1/29 [goblin/+0 club[Robin] (5)]
  1221 | D:2      | Slain by a goblin

Illustrated notes

Levels and vault maps discovered:
D:1:      shiori_arrival_oz, layout_basic
D:2:      layout_basic, chequers_big_river, uniq_robin

Skill      XL: |  1  2  3  4 |
---------------+-------------+-----
Maces & Flails | 3 |  3.1
Fighting       | 4 |  4.0
Armour         | |  3.9
Dodging        | |  0.3
Shields        | |  3.9

Action                     |  1- 3 |  4- 6 || total
---------------------------+-------+-------++-------
  Melee: Flail             |   116 |    51 ||   167
 Armour: Scale mail        |    68 |    49 ||   117
  Dodge: Dodged            |    57 |    29 ||    86
  Block: Buckler           |    25 |    16 ||    41

Table legend: (Time is in decaauts)
 A = Elapsed time spent in this place.
 B = Non-inter-level travel time spent in this place.
 C = Inter-level travel time spent in this place.
 D = Time resting spent in this place.
 E = Time spent auto-exploring this place.
 F = Levels seen in this place.
 G = Mean time per level.
                   A        B        C        D        E       F      G
               +--------+--------+--------+--------+--------+-----+--------+
         Total |   1271 |   1259 |     12 |      0 |    901 |   2 |  635.5 |
       Dungeon |   1271 |   1259 |     12 |      0 |    901 |   2 |  635.5 |
               +--------+--------+--------+--------+--------+-----+--------+

Top non-repeatable levels by time:
     D:1: 846 daAuts
     D:2: 425 daAuts
